 Dungeon Crawl Stone Soup version 0.26.0-9-gab577f9fc5 (console) character file.

Game seed: 2388314621476725602

209 Garrluk the Magician (level 6, -6/44 HPs)
             Began as a Formicid Air Elementalist on Jan 13, 2021.
             Was an Initiate of Sif Muna.
             Shot with a sling bullet by Joseph (10 damage)
             ... on level 8 of the Dungeon.
             The game lasted 00:11:03 (1777 turns).

Garrluk the Magician (Formicid Air Elementalist)    Turns: 1777, Time: 00:11:04

Health: -6/44      AC:  6    Str: 12    XL:     6   Next: 12%
Magic:  11/11      EV: 12    Int: 17    God:    Sif Muna [......]
Gold:   88         SH:  0    Dex: 11    Spells: 11/12 levels left

rFire    . . .     SeeInvis +   c - +1 mace (drain)
rCold    + . .     Faith    .   (no shield)
rNeg     . . .     Spirit   .   a - +0 robe
rPois    .         Reflect  .   (helmet unavailable)
rElec    .         Harm     .   (no cloak)
rCorr    .         Rampage  .   (no gloves)
Will     .....                  (no boots)
Stlth    ++........             (no amulet)
HPRegen  0.14/turn              i - ring of protection from cold
MPRegen  0.12/turn              k - +4 ring of protection

@: no status effects
A: permanent stasis, dig shafts and tunnels, four strong arms, antennae 3
a: Dig, Shaft Self, Renounce Religion


You were on level 8 of the Dungeon.
You worshipped Sif Muna.
Sif Muna was noncommittal.
You visited 2 branches of the dungeon, and saw 10 of its levels.
You also visited: Bailey.

You collected 88 gold pieces.

Inventory:

Hand Weapons
 c - a +1 mace of draining (weapon)
Missiles
 f - 22 poisoned darts (quivered)
Armour
 a - a +0 robe (worn)
Magical Staves
 n - an uncursed staff of death
Jewellery
 i - a ring of protection from cold (left hand)
 k - a +4 ring of protection (right hand)
Wands
 m - a wand of iceblast (7)
Scrolls
 b - 2 scrolls of identify {unknown}
 d - a scroll of enchant weapon {unknown}
 e - 2 scrolls of teleportation {unknown}
 j - a scroll of random uselessness {unknown}
 r - a scroll of blinking {unknown}
 s - a scroll of fog {unknown}
Potions
 g - a potion of resistance {unknown}
 h - a potion of curing {unknown}
 l - a potion of mutation {unknown}
 o - a potion of magic
 p - 2 potions of invisibility {unknown}
 q - a potion of heal wounds {unknown}


   Skills:
 + Level 2.1 Fighting
 - Level 1.7 Dodging
 - Level 2.4 Stealth
 * Level 3.9 Spellcasting
 * Level 3.0 Conjurations
 - Level 3.0 Air Magic


You had 11 spell levels left.
You knew the following spells:

 Your Spells              Type           Power        Failure   Level
a - Shock                 Conj/Air       52%          4%          1

Your spell library contained the following spells:

 Spells                   Type           Power        Failure   Level
 Static Discharge         Conj/Air       13%          14%         3
 Airstrike                Air            6%           43%         4
 Lightning Bolt           Conj/Air       6%           78%         5
 Swiftness                Air            Unusable     N/A         2

Dungeon Overview and Level Annotations

Branches:
Dungeon (9/15)             Temple (1/1) D:5          Bailey (visited)
   Lair: D:8-11         Orc: D:9-12

Altars:
Cheibriados
Dithmenos
Gozag
Hepliaklqana
Kikubaaqudgha
Makhleb
Nemelex Xobeh
Ru
Sif Muna
Trog
Uskayaw
Xom
The Shining One

Annotations:
D:2 1 runed translucent door, Natasha
D:3 Ijyb
D:4 2 transporters, aloneDruid's ghost, amateur DgTm
D:5 Edmund
D:8 Joseph


Innate Abilities, Weirdness & Mutations

You cannot be hasted, slowed, berserked, paralysed or teleported.
You can dig through walls and to a lower floor.
Your four strong arms can wield two-handed weapons with a shield.
You have a pair of large antennae on your head. (SInv)


Message History

The orc warrior shoots a bolt.
The bolt hits you!
You hear a shout!
There is a gate leading back out of this place here.
You see here a bolt.
You hear a shout!
Welcome back to the Dungeon!
Level annotation: Joseph Joseph unwields a +0 quarterstaff.
Joseph wields a +1 hunting sling of freezing.
It is covered in frost.
Joseph shoots a sling bullet.
The sling bullet hits you!
* * * LOW HITPOINT WARNING * * *
The sling bullet freezes you.
* * * LOW HITPOINT WARNING * * *
There is an empty arch of ancient stone, spattered with blood here.
You see here a sling bullet.
It was a potion of magic.
Magic courses through your body.
Joseph shoots a sling bullet.
The sling bullet hits you.
* * * LOW HITPOINT WARNING * * *
Are you sure you want to shaft yourself?
Joseph shoots a sling bullet.
The sling bullet hits you!
You die...

.##. ....# # .$(.
># #..# .#
#..######.# ...
.####..#......# @.
.....@.#...)..#.###
#.. #.....)@).>...#
#.. #..##..)..#.#.#
#..# #..##.......#
... #..###....###
#.#####..# ####.#
#........# .#
#.#.[>..## .#
...#..#### ..
#####..# #..# #...


You could see Joseph.

Vanquished Creatures
  A scorpion (D:5)
  A howler monkey (D:8)
  A hound zombie (D:5)
  A hound skeleton (D:5)
  4 adders
  An ooze (D:1)
  2 worms
  2 dart slugs (D:1)
  3 leopard geckos (D:1)
  3 orcs
  2 bats
  2 giant cockroaches (D:3)
  5 goblins
  3 hobgoblins
  5 jackals
  2 frilled lizards (D:3)
  5 kobolds (D:1)
  2 rats
45 creatures vanquished.

Vanquished Creatures (others)
  2 fungi (D:1)
2 creatures vanquished.

Grand Total: 47 creatures vanquished

Notes
Turn   | Place    | Note
-------+----------+-------------------------------------------
     0 | D:1      | Garrluk the Formicid Air Elementalist began the quest for
                  | the Orb.
     0 | D:1      | Reached XP level 1. HP: 13/13 MP: 3/3
    95 | D:2      | Reached skill level 1 in Conjurations
    95 | D:2      | Reached XP level 2. HP: 15/20 MP: 0/5
   115 | D:2      | Found a runed translucent door.
   263 | D:1      | Reached XP level 3. HP: 12/25 MP: 4/6
   331 | D:2      | Noticed Natasha
   583 | D:1      | Reached skill level 1 in Fighting
   713 | D:2      | Reached XP level 4. HP: 13/32 MP: 1/8
  1021 | D:3      | Noticed Ijyb
  1173 | D:4      | Found a transporter.
  1176 | D:4      | Noticed aloneDruid's ghost (amateur DgTm)
  1177 | D:4      | Found a transporter.
  1213 | D:4      | Noticed a lemure
  1229 | D:4      | Noticed a lemure
  1231 | D:4      | Noticed a lemure
  1232 | D:4      | You fall into a shaft and drop 1 floor!
  1232 | D:5      | Entered Level 5 of the Dungeon
  1244 | D:5      | Reached XP level 5. HP: 19/38 MP: 0/10
  1347 | D:5      | Found a staircase to the Ecumenical Temple.
  1358 | D:5      | Noticed Edmund
  1363 | Temple   | Entered the Ecumenical Temple
  1657 | Temple   | Became a worshipper of Sif Muna the Loreminder
  1678 | D:5      | You fall into a shaft and drop 2 floors!
  1727 | D:7      | You fall into a shaft and drop 2 floors!
  1751 | D:8      | Noticed Joseph
  1759 | D:8      | Found a flagged portal.
  1766 | D:8      | Reached XP level 6. HP: 39/44 MP: 4/11
  1772 | Bailey   | Entered a bailey
  1772 | Bailey   | Noticed an orc warrior
  1772 | Bailey   | Noticed an orc warrior
  1772 | Bailey   | Noticed an orc warrior
  1777 | D:8      | Shot with a sling bullet by Joseph

Illustrated notes

Levels and vault maps discovered:
D:1:      lemuel_arrival_muddy, layout_basic
D:2:      minmay_chambers_of_ones, layout_rooms, uniq_crazy_yiuf_cottage,
          uniq_natasha, uniq_sigmund
D:3:      wad_crossroads, layout_rooms, uniq_ijyb
D:4:      layout_cave_pools, gammafunk_ghost_arena, portal_sewer_entry_e,
          solitary_fountain, uniq_pikel, uniq_duvessa
D:5:      layout_basic, temple_pool_b, serial_glass, glass_columns_c,
          glass_columns_c, tgw_sif, uniq_edmund
D:6:      layout_basic, uniq_menkaure
D:7:      layout_rooms
D:8:      layout_loops_ring, grunt_temple_overflow_open, dpeg_lair_monsters,
          enter_bailey_2, serial_rivers, chequers_serial_rivers_micro_d,
          chequers_serial_rivers_small_3, chequers_serial_rivers_small_3,
          chequers_serial_rivers_small_3, chequers_serial_rivers_micro_e,
          chequers_serial_rivers_small_a, uniq_joseph
D:9:      layout_gridville, david_orc_4, minmay_misc_feat_enclosed,
          grunt_ministairs_1, uniq_prince_ribbit1, uniq_maggie
Temple:   regret_index_temple_sphere_string

Skill      XL: |  1  2  3  4  5 |
---------------+----------------+-----
Conjurations   | 1 2 3 |  3.0
Fighting       | 1 2 |  2.1
Spellcasting   | 3 |  3.9
Air Magic      | 3 |  3.0
Dodging        | |  1.7
Stealth        | |  2.4

Action                   |  1- 3 |  4- 6 || total
-------------------------+-------+-------++-------
Melee: Unarmed           |     9 |       ||     9
       Mace              |    26 |    45 ||    71
Throw: Dart              |    11 |     7 ||    18
 Cast: Shock             |    41 |    33 ||    74
 Abil: Dig               |     6 |     6 ||    12
       Shaft Self        |       |     3 ||     3
  Use: Potion            |       |     1 ||     1
 Stab: Sleeping          |       |     3 ||     3
Armor: Robe              |     9 |    31 ||    40
Dodge: Dodged            |    44 |    58 ||   102
